AoeStats
← 知耻而后勇喜笑颜开

Runestones

508377100Analyzed
1v1 RM · 10d ago on Sep 22, 2026· 47m 33s· 2 players
Game mode
Random Map
Map size
Tiny (2 player)
Population
200
Speed
Normal
Resources
Standard
Victory
Conquest
Starting age
Dark Age
Ending age
Imperial Age
RankedLock teamsTeams togetherTeam positionsShared explorationLock speedFull tech treeHidden civsTurbo modeCheats
Victory
Defeat
1351
+14
🇺🇸 Lithuanians · United States
1304
-14
知耻而后勇喜笑颜开
3:53 Loom
10:05 Feudal Age
10:49 Double-Bit Axe
11:45 Wheelbarrow
11:30 Horse Collar
13:31 Forging
16:16 Fletching
17:06 Town Watch
22:01 Castle Age
20:48 Padded Archer Armor
21:50 Scale Barding Armor
23:21 Iron Casting
23:39 Heavy Plow
24:03 Fervor
24:11 Light Cavalry
24:52 Husbandry
31:44 Hand Cart
31:27 Bodkin Arrow
32:45 Treadmill Crane
33:25 Ballistics
33:39 Ballistics
33:51 Redemption
38:38 Imperial Age
37:40 Sanctity
37:48 Masonry
38:58 Chemistry
41:11 Imperial Age
38:43 Scale Mail Armor
39:03 Chain Barding Armor
39:05 Wagenburg Tactics
39:14 Guard Tower
41:11 Murder Holes
42:28 Architecture
42:03 Siege Engineers
42:22 Conscription
42:21 Devotion
42:39 Block Printing
42:26 Bracer
42:56 Guilds
43:39 Conscription
44:44 Blast Furnace
43:59 Chain Mail Armor
43:39 Pikeman
44:19 Squires
44:38 Halberdier
46:24 Illumination
46:15 Squires
TIGER35397
6:38 Loom
8:50 Feudal Age
9:04 Man-at-Arms
11:21 Double-Bit Axe
18:21 Fletching
21:55 Castle Age
20:24 Gold Mining
20:59 Bloodlines
21:19 Forging
23:09 Scale Barding Armor
24:51 Chain Barding Armor
25:11 Wheelbarrow
26:28 Light Cavalry
32:25 Iron Casting
33:02 Husbandry
34:00 Devotion
34:15 Bow Saw
34:12 Elite Skirmisher
Connection lost

Rejoining the realm…

Still unreachable

The connection could not be restored.

Session expired

The server has moved on; the page needs a fresh start.